 Dungeon Crawl Stone Soup version 0.29.1-1-gd02db6906a (webtiles) character file.

Game seed: 10158943336564180568

16450 groovy9 the Skirmisher (level 12, 0/90 HPs)
             Began as a Formicid Hunter on Sept 18, 2022.
             Was a Follower of Hepliaklqana.
             Slain by a boulder beetle (24 damage)
             ... on level 2 of the Lair of Beasts.
             The game lasted 00:42:33 (10784 turns).

groovy9 the Skirmisher (Formicid Hunter)           Turns: 10784, Time: 00:42:34

Health: 0/90       AC: 11    Str: 21    XL:     12   Next: 70%
Magic:  10/10      EV: 12    Int: 16    God:    Hepliaklqana [*.....]
Gold:   129        SH:  0    Dex: 27    Spells: 11/11 levels left

rFire   . . .      SeeInvis +   a - +3 arbalest (flame)
rCold   + . .      Faith    .   (no shield)
rNeg    + + +      Spirit   .   c - +0 leather armour
rPois   .          Reflect  .   (helmet unavailable)
rElec   +          Harm     .   C - +0 cloak
rCorr   +          Rampage  .   k - +1 pair of gloves
Will    +....                   f - +2 pair of boots "Zeaklaso" {rC+}
Stlth   +++++.....              v - amulet of regeneration
HPRegen 1.05/turn               q - ring of Alloqiki {Fly rN+ Str+4 Dex+2}
MPRegen 0.12/turn               l - ring of Xifonwekh {rElec rN++ rCorr Int+7 Dex+4}

@: flying
A: reduced essence, permanent stasis, dig shafts and tunnels, antennae 3, four
strong arms, beak, iridescent scales 1, low MP 1, subdued magic 1
a: Dig, Shaft Self, Renounce Religion, Recall Ancestor, Ancestor Identity


You were on level 2 of the Lair of Beasts.
You worshipped Hepliaklqana.
Hepliaklqana was aware of your devotion.
You visited 3 branches of the dungeon, and saw 13 of its levels.

You collected 1489 gold pieces.
You spent 1360 gold pieces at shops.

Inventory:

Hand Weapons
 a - a +3 arbalest of flaming (weapon)
 b - the +9 dagger of the Hills {holy, Will+}
   (You found it on level 4 of the Dungeon)

   It has been blessed by the Shining One to cause great damage to the undead
   and demons.
   Will:      It increases your willpower.
Armour
 c - a +0 leather armour (worn)
 f - the +2 pair of boots "Zeaklaso" (worn) {rC+}
   (You acquired it on level 10 of the Dungeon)

   rC:        It protects you from cold.
 k - a +1 pair of gloves (worn)
 C - a +0 cloak (worn)
Jewellery
 l - the ring of Xifonwekh (right hand) {rElec rN++ rCorr Int+7 Dex+4}
   (You bought it in a shop on level 2 of the Dungeon)

   [ring of intelligence]

   Int:       It affects your intelligence (+7).
   Dex:       It affects your dexterity (+4).
   rElec:     It insulates you from electricity.
   rN:        It greatly protects you from negative energy.
   rCorr:     It protects you from acid and corrosion.
 q - the ring of Alloqiki (left hand) {Fly rN+ Str+4 Dex+2}
   (You bought it in a shop on level 2 of the Dungeon)

   [ring of flight]

   Str:       It affects your strength (+4).
   Dex:       It affects your dexterity (+2).
   rN:        It protects you from negative energy.
   Fly:       It grants you flight.
 v - an amulet of regeneration (around neck)
 w - an amulet of the acrobat
Wands
 d - a wand of flame (17)
 h - a wand of roots (3)
 u - a wand of digging (4)
 x - a wand of paralysis (9)
Scrolls
 e - a scroll of magic mapping
 i - a scroll of silence
 j - 3 scrolls of vulnerability
 m - 4 scrolls of identify
 o - 2 scrolls of poison
 s - a scroll of summoning
 y - a scroll of noise
 z - 2 scrolls of immolation
 D - 2 scrolls of enchant armour
Potions
 g - 3 potions of brilliance
 n - a potion of lignification
 p - a potion of invisibility
 r - a potion of curing
 A - 2 potions of attraction
 B - a potion of magic {unknown}


   Skills:
 + Level 11.1 Fighting
 - Level 7.5 Short Blades
 - Level 13.8 Ranged Weapons
 - Level 1.7 Dodging
 - Level 10.8 Stealth


You had 11 spell levels left.
You didn't know any spells.
Your spell library contained the following spells:

 Spells                   Type           Power      Damage    Failure   Level
 Necrotise                Necr           0%         1d4       24%         1
 Ensorcelled Hibernation  Hex/Ice        0%         N/A       36%         2
 Passwall                 Tmut/Erth      0%         N/A       36%         2
 Conjure Flame            Conj/Fire      0%         6-21      61%         3
 Gell's Gravitas          Tloc           0%         N/A       61%         3
 Ignite Poison            Fire/Tmut/Pois 0%         N/A       61%         3
 Lesser Beckoning         Tloc           0%         N/A       61%         3
 Spider Form              Tmut/Pois      0%         N/A       61%         3
 Teleport Other           Tloc           0%         N/A       61%         3
 Vampiric Draining        Necr           0%         2d6       61%         3
 Anguish                  Hex/Necr       0%         N/A       95%         4
 Petrify                  Tmut/Erth      0%         N/A       95%         4
 Sticky Flame             Conj/Fire      0%         2d3       95%         4
 Agony                    Necr           0%         N/A       100%        5
 Freezing Cloud           Conj/Ice/Air   0%         6-21      100%        5
 Manifold Assault         Tloc           0%         N/A       100%        5
 Metabolic Englaciation   Hex/Ice        0%         N/A       100%        5
 Simulacrum               Ice/Necr       0%         N/A       100%        6
 Statue Form              Tmut/Erth      0%         N/A       100%        6
 Polar Vortex             Ice            0%         N/A       100%        9
 Blink                    Tloc           Unusable   N/A       N/A         2
 Swiftness                Air            Unusable   N/A       N/A         3

Dungeon Overview and Level Annotations

Branches:
Dungeon (10/15)            Temple (1/1) D:6            Lair (2/5) D:10
 Spider (0/4) Lair:2          Orc (0/2) D:9
  Swamp: Lair:2-3    Shoals: Lair:2-3

Altars:
Ashenzari
Cheibriados
Dithmenos
Elyvilon
Fedhas
Gozag
Hepliaklqana
Kikubaaqudgha
Makhleb
Nemelex Xobeh
Okawaru
Qazlal
Ru
Sif Muna
Trog
Uskayaw
Vehumet
Wu Jian
Xom
Yredelemnul
Zin
The Shining One

Shops:
D:2 =   D:5 (   D:6 =


Innate Abilities, Weirdness & Mutations

Your life essence is reduced to manifest your ancestor. (-10% HP)
You cannot be hasted, slowed, berserked, paralysed or teleported.
You can dig through walls and to a lower floor.
You have a pair of large antennae on your head. (SInv)
Your four strong arms can wield two-handed weapons with a shield.
You have a beak for a mouth.
You are partially covered in iridescent scales. (AC +2)
Your magical capacity is low. (-10% MP)
Your spells are a little easier to cast, but a little less powerful.


Message History

You reach down and open the door.
There is an open door here.
B - a murky red potion A boulder beetle comes into view.
Throw: dart (curare)
Press: ? - help, Shift-Dir - straight line, f - boulder beetle
Aim: a boulder beetle (92% to hit)
You throw a curare-tipped dart.
The curare-tipped dart completely misses the boulder beetle.
The boulder beetle curls into a ball and begins rolling!
Okay, then.
You shoot a bolt.
The bolt barely misses the boulder beetle.
The boulder beetle hits you!!!
The boulder beetle stops rolling and uncurls.
Fire: a) +3 arbalest (flame)
Press: ? - help, Q - select action, (/) - cycle Shift-Dir - straight line, f/p - boulder beetle
Aim: a boulder beetle (ally target, 92% to hit)
You shoot a bolt. The bolt hits the boulder beetle!!
The bolt burns the boulder beetle.
The boulder beetle is heavily wounded.
The boulder beetle closely misses you.
Fire: a) +3 arbalest (flame)
Press: ? - help, Q - select action, (/) - cycle Shift-Dir - straight line, f/p - boulder beetle
Aim: a boulder beetle (heavily wounded, ally target, 92% to hit)
You shoot a bolt. The bolt hits the boulder beetle!!
The bolt burns the boulder beetle!
The boulder beetle is severely wounded.
The boulder beetle bites you but does no damage.
Fire: a) +3 arbalest (flame)
Press: ? - help, Q - select action, (/) - cycle Shift-Dir - straight line, f/p - boulder beetle
Aim: a boulder beetle (severely wounded, ally target, 92% to hit)
You shoot a bolt.
The bolt hits the boulder beetle but does no damage.
The boulder beetle is severely wounded.
The boulder beetle bites you!!
* * * LOW HITPOINT WARNING * * *
Wilfreda hits the boulder beetle but does no damage.
The boulder beetle bites you!!
You die...

# ..#####+#
...(.............
.........(.......
.................
................
....°..........
####.B°.R.###.....
###@#P○P....###....#
#...BR......##.....#
#...........#.......
#.....##.....#.....#
#.....#......#.....#
#.....#.....#####'#.
########....P####.##
#.P............
...........(.....


You could see the friendly Wilfreda the ancestor and a boulder beetle (ally
target).

Vanquished Creatures
  2 two-headed ogres
  The ghost of TheBeaver the Covert, a novice DsDe of Okawaru (D:7)
  Pikel (D:8)
  A manticore (D:9)
  3 black mambas (Lair:1)
  An elephant (D:10)
  2 cane toads (Lair:1)
  A rime drake (Lair:1)
  A komodo dragon (Lair:1)
  2 hornets (D:8)
  8 blink frogs (Lair:1)
  A vampire (D:8)
  4 culicivoras
  2 wyverns
  Grum (D:8)
  7 yaks
  2 basilisks
  A steam dragon (D:10)
  Duvessa (D:5)
  An acid dragon (D:8)
  7 water moccasins
  7 black bears
  2 orc warriors
  2 ice beasts (D:7)
  2 ogres (D:5)
  2 wolves (D:8)
  6 centaurs
  A lemure (D:9)
  A phantom (D:6)
  A kobold brigand (D:7)
  6 bullfrogs
  2 gnoll sergeants (D:10)
  3 necrophages
  3 scorpions
  Dowan (D:5)
  20 wights
  8 killer bees
  2 electric eels (D:8)
  3 vampire bats (D:6)
  A howler monkey (D:8)
  6 hounds
  2 jellies (D:6)
  2 gnoll boudas (D:5)
  3 orc priests
  5 iguanas
  3 orc wizards
  Ijyb (D:4)
  A statue (D:4)
  A bullfrog simulacrum (D:7)
  17 gnolls
  7 adders
  2 shadow imps
  4 white imps (D:7)
  2 worms (D:3)
  3 dart slugs
  21 orcs
  3 bats
  A bat skeleton (D:6)
  6 bat zombies (D:6)
  7 endoplasms
  2 giant cockroaches
  4 goblins
  10 hobgoblins
  8 jackals
  14 kobolds
  6 quokkas
  9 ball pythons
  6 frilled lizards
  7 rats
286 creatures vanquished.

Vanquished Creatures (collateral kills)
  A black mamba (Lair:1)
  A blink frog (Lair:1)
  2 bullfrogs
4 creatures vanquished.

Vanquished Creatures (others)
  3 ancestors
  2 fungi (Lair:1)
  5 plants
10 creatures vanquished.

Grand Total: 300 creatures vanquished

Notes
Turn   | Place    | Note
-------+----------+-------------------------------------------
     0 | D:1      | groovy9 the Formicid Hunter began the quest for the Orb.
     0 | D:1      | Reached XP level 1. HP: 16/16 MP: 1/1
    69 | D:1      | Reached XP level 2. HP: 22/22 MP: 2/2
   210 | D:1      | Reached XP level 3. HP: 23/27 MP: 3/3
   428 | D:1      | Reached skill level 5 in Ranged Weapons
   824 | D:2      | Reached XP level 4. HP: 33/33 MP: 4/4
   945 | D:2      | Found Sofayz's One-of-a-Kind Rings.
   952 | D:2      | Identified the +10 hand axe "Guump" {flame, rElec}
  1492 | D:3      | Reached XP level 5. HP: 38/38 MP: 5/5
  1503 | D:3      | Reached skill level 6 in Ranged Weapons
  1546 | D:3      | Found a faded altar of an unknown god.
  2011 | D:4      | Noticed Ijyb
  2028 | D:4      | Killed Ijyb
  2250 | D:4      | Identified the +9 dagger of the Hills {holy, Will+}
  2341 | D:4      | Reached XP level 6. HP: 44/44 MP: 6/6
  2365 | D:4      | Reached skill level 7 in Ranged Weapons
  2474 | D:4      | Found an opulent altar of Gozag.
  2634 | D:4      | Found a radiant altar of Vehumet.
  2907 | D:5      | Entered Level 5 of the Dungeon
  2912 | D:5      | Reached XP level 7. HP: 50/50 MP: 7/7
  2993 | D:5      | Found an ornate altar of the Wu Jian Council.
  3008 | D:5      | Reached skill level 8 in Ranged Weapons
  3106 | D:5      | Noticed Dowan
  3108 | D:5      | Noticed Duvessa
  3114 | D:5      | Reached skill level 5 in Stealth
  3116 | D:5      | Killed Dowan
  3117 | D:5      | Reached XP level 8. HP: 51/53 MP: 8/8
  3131 | D:5      | Killed Duvessa
  3380 | D:5      | Found Itoavunt's Antique Weapon Emporium.
  3388 | D:5      | Bought a runed arbalest for 112 gold pieces
  3776 | D:5      | Reached skill level 9 in Ranged Weapons
  3798 | D:5      | Reached XP level 9. HP: 61/61 MP: 9/9
  3986 | D:6      | Reached skill level 10 in Stealth
  4059 | D:6      | Found a staircase to the Ecumenical Temple.
  4063 | Temple   | Entered the Ecumenical Temple
  4343 | D:6      | Found Jahiosakar's Jewellery Boutique.
  4578 | D:6      | Found an ancient bone altar of Kikubaaqudgha.
  4671 | D:6      | Reached skill level 10 in Ranged Weapons
  4744 | D:7      | Noticed TheBeaver's ghost (novice DsDe)
  4813 | D:7      | Found a hide-covered altar of Uskayaw.
  5052 | D:7      | Found a snail-covered altar of Cheibriados.
  5096 | D:7      | Found a runed translucent gate.
  5096 | D:7      | Found a runed translucent gate.
  5096 | D:7      | Found a runed translucent gate.
  5323 | D:7      | Reached XP level 10. HP: 67/67 MP: 10/10
  5681 | D:7      | Gained mutation: Your mind is acute. (Int +4, Str/Dex -1)
                  | [potion of mutation]
  5681 | D:7      | Gained mutation: Your natural rate of healing is unusually
                  | fast. [potion of mutation]
  5681 | D:7      | Gained mutation: You have hidden genetic defects. [potion
                  | of mutation]
  5682 | D:7      | Lost mutation: You have hidden genetic defects. [potion of
                  | mutation]
  5682 | D:7      | Lost mutation: Your mind is acute. (Int +4, Str/Dex -1)
                  | [potion of mutation]
  5682 | D:7      | Lost mutation: Your natural rate of healing is unusually
                  | fast. [potion of mutation]
  5682 | D:7      | Gained mutation: Your spells are a little easier to cast,
                  | but a little less powerful. [potion of mutation]
  5682 | D:7      | Gained mutation: You are partially covered in iridescent
                  | scales. (AC +2) [potion of mutation]
  5682 | D:7      | Gained mutation: Your magical capacity is low. (-10% MP)
                  | [potion of mutation]
  5682 | D:7      | Gained mutation: You have a beak for a mouth. [potion of
                  | mutation]
  5710 | D:7      | Reached skill level 11 in Ranged Weapons
  5747 | D:7      | Killed TheBeaver's ghost
  5753 | D:7      | Reached skill level 12 in Ranged Weapons
  5919 | D:8      | Found an iron altar of Okawaru.
  6112 | D:8      | Found a blossoming altar of Fedhas.
  6292 | D:8      | Reached skill level 13 in Ranged Weapons
  6572 | D:8      | Noticed Grum
  6579 | D:8      | Killed Grum
  6806 | D:8      | Reached XP level 11. HP: 28/72 MP: 9/9
  7115 | D:9      | Found a staircase to the Orcish Mines.
  7155 | D:9      | Identified a scroll of acquirement
  7155 | D:9      | Acquired 830 gold pieces
  7345 | D:2      | Bought the ring of Xifonwekh {rElec rN++ rCorr Int+7 Dex+4}
                  | for 835 gold pieces
  7686 | D:8      | Reached skill level 1 in Short Blades
  7752 | D:9      | Noticed Pikel
  7775 | D:8      | Killed Pikel
  7907 | D:8      | Reached skill level 5 in Short Blades
  8025 | D:9      | Noticed a two-headed ogre
  8029 | D:9      | Killed a two-headed ogre
  8050 | D:9      | Found a stormy altar of Qazlal.
  8099 | D:9      | Noticed a manticore
  8107 | D:9      | Killed a manticore
  8351 | D:9      | Found a hazy altar of Hepliaklqana.
  8358 | D:9      | Became a worshipper of Hepliaklqana the Forgotten
  8595 | D:10     | Entered Level 10 of the Dungeon
  8601 | D:10     | Found a bloodstained altar of Trog.
  8740 | D:10     | Noticed an elephant
  8761 | D:10     | Killed an elephant
  8784 | D:10     | Found a staircase to the Lair.
  8934 | D:10     | Reached skill level 5 in Fighting
  9017 | D:10     | Acquired the +2 pair of boots "Zeaklaso" {rC+}
  9252 | D:2      | Bought the ring of Alloqiki {Fly rN+ Str+4 Dex+2} for 413
                  | gold pieces
  9513 | D:10     | Noticed a two-headed ogre
  9522 | D:10     | Killed a two-headed ogre
  9700 | D:10     | Reached * piety under Hepliaklqana
  9804 | Lair:1   | Entered Level 1 of the Lair of Beasts
  9843 | Lair:1   | Reached XP level 12. HP: 80/80 MP: 10/10
 10308 | Lair:1   | Reached skill level 10 in Fighting
 10698 | Lair:2   | Found a hole to the Spider Nest.
 10775 | Lair:2   | Noticed a boulder beetle
 10784 | Lair:2   | Slain by a boulder beetle

Illustrated notes

Levels and vault maps discovered:
D:1:      saegor_arrival_simple_d, layout_rooms, minmay_tetromino_l4
D:2:      layout_basic, nicolae_shop_unique_rings
D:3:      layout_rooms, ebering_ecumenical_altar_box, minmay_quantized
D:4:      layout_basic, grunt_gozag_statues, vehumet_statue, uniq_ijyb
D:5:      minmay_opposing_rooms, layout_basic, old_standard_altar, serial_shops,
          shop, uniq_duvessa
D:6:      layout_cave_pools, kennysheep_vampire_church,
          minmay_temple_entry_proselytizer, serial_column_ruins,
          column_ruins_hut, column_ruins_corridor_dead_end, column_ruins_grid_1,
          column_ruins_columns_corner, column_ruins_open_medium,
          column_ruins_columns_plus, serial_shops, shop_statue
D:7:      layout_cave_pods, mainiacjoe_overflow_concentric_impassable,
          mainiacjoe_overflow_small_starburst, gammafunk_ghost_icy,
          chequers_serial_rivers_small_b
D:8:      layout_loops_ring, fedhas_altar_2, okawaru_trees_1,
          dreamdust_princess_bridge, nzn_life_drinkers, uniq_grum
D:9:      layout_cave_pools, mainiacjoe_overflow_alcove_1,
          nicolae_qazlal_general_emergency, david_orc_3, uniq_pikel
D:10:     layout_loops_cross, lemuel_crystal_altar, david_lair_generic
Temple:   jpeg_temple_clearing
Lair:1:   layout_chaotic_city
Lair:2:   layout_regular_city, hellmonk_spider_entry_life_and_decay

Skill      XL: |  1  2  3  4  5  6  7  8  9 10 11 12 |
---------------+-------------------------------------+-----
Ranged Weapons | 5 6 7 8 9 10 13 | 13.8
Stealth        | 5 8 10 | 10.8
Short Blades   | 7 |  7.5
Fighting       | 6 11 | 11.1
Dodging        | |  1.7

Action                   |  1- 3 |  4- 6 |  7- 9 | 10-12 || total
-------------------------+-------+-------+-------+-------++-------
Melee: Dagger            |       |       |    14 |    67 ||    81
       Peck              |       |       |       |    25 ||    25
 Fire: Shortbow          |    96 |   145 |    49 |       ||   290
       Arbalest          |       |       |   138 |   326 ||   464
Throw: Dart              |       |       |       |     1 ||     1
 Abil: Dig               |     2 |       |    12 |     6 ||    20
Evoke: Wand              |       |       |       |     2 ||     2
  Use: Scroll            |     3 |     1 |     8 |     8 ||    20
       Potion            |       |       |     2 |    12 ||    14
 Stab: Paralysed         |       |       |       |     2 ||     2
       Distracted        |       |       |       |     1 ||     1
Armor: Leather armour    |     7 |    15 |    62 |    90 ||   174
       Skin              |       |       |       |    12 ||    12
Dodge: Dodged            |    21 |    22 |   106 |   139 ||   288
